 Dungeon Crawl Stone Soup version 0.21-a0-95-g06f091e (webtiles) character file.

8184 Musica the Impaler (level 11, -1/90 HPs)
             Began as a Merfolk Gladiator on July 4, 2017.
             Was a Priest of Nemelex Xobeh.
             Slain by a seven-headed hydra (7 damage)
             ... on level 13 of the Dungeon.
             The game lasted 01:09:00 (10195 turns).

Musica the Impaler (Merfolk Gladiator)             Turns: 10195, Time: 01:09:02

Health: -1/90      AC: 10    Str: 14    XL:     11   Next: 26%
Magic:  13/13      EV: 16    Int: 11    God:    Nemelex Xobeh [***...]
Gold:   372        SH:  4    Dex: 24    Spells: 11/14 levels left

rFire    + . .     SeeInvis +   F - +1 dagger (flame)
rCold    + . .     Gourm    .   (no shield)
rNeg     . . .     Faith    .   e - +0 steam dragon scales
rPois    +         Spirit   .   c - +1 helmet
rElec    .         Reflect  .   (no cloak)
rCorr    .         Harm     .   (no gloves)
MR       .....                  (no boots)
Stlth    ++........             (no amulet)
HPRegen  0.25/turn              z - +4 ring of dexterity
MPRegen  0.13/turn              G - ring of see invisible

@: no status effects
A: change form in water, swift swim, stealthy swim, large bone plates 1, slimy
green scales 1, thin skeletal structure 1, clever 1, cold resistance 1, fire
resistance 1, low mp 1, mutation resistance 1, poison resistance, shaggy fur 1
a: Triple Draw, Renounce Religion


You were on level 13 of the Dungeon.
You worshipped Nemelex Xobeh.
Nemelex Xobeh was most pleased with you.
You were not hungry.

You visited 2 branches of the dungeon, and saw 14 of its levels.

You collected 462 gold pieces.
You spent 90 gold pieces at shops.

Inventory:

Hand Weapons
 x - a +1 trident of piercing
 y - a +1 blowgun
 F - a +1 dagger of flaming (weapon)
Missiles
 o - 3 needles of confusion
 t - 74 poisoned needles
Armour
 c - a +1 helmet (worn)
 e - +0 steam dragon scales (worn)
 l - a +1 leather armour of fire resistance
Magical Staves
 a - an uncursed staff of conjuration
Jewellery
 p - a +1 ring of evasion
 v - an uncursed ring of ice
 z - a +4 ring of dexterity (left hand)
 G - a ring of see invisible (right hand)
Wands
 g - a wand of polymorph (6/24)
 j - a wand of random effects (24/48)
 u - a wand of iceblast (14/15)
Scrolls
 b - 7 scrolls of remove curse
 d - a scroll of identify
 n - a scroll of amnesia
 J - 2 scrolls of teleportation
Potions
 q - 3 potions of curing
 C - a potion of brilliance
 D - 2 potions of berserk rage
 H - a potion of haste
 K - 2 potions of lignification {unknown}
 L - a potion of mutation
Books
 w - a book of Minor Magic

   Spells                             Type                      Level
   a - Magic Dart                     Conjuration                  1
   b - Blink                          Translocation                2
   c - Call Imp                       Summoning                    2
   d - Slow                           Hexes                        2
   e - Conjure Flame                  Conjuration/Fire             3
   f - Mephitic Cloud                 Conjuration/Poison/Air       3
Miscellaneous
 B - an ornate deck of escape {drawn: 4}
Comestibles
 f - 5 bread rations
 h - 13 royal jellies
 i - 9 meat rations
 k - 4 chunks of flesh


   Skills:
 + Level 9.9 Fighting
 + Level 0.5 Short Blades
 + Level 15.8 Polearms
 + Level 6.3 Throwing
 - Level 4.9 Dodging
 + Level 2.1 Spellcasting
 + Level 1.3 Conjurations
 + Level 0.4 Summonings
 + Level 5.7 Invocations
 + Level 1.7 Evocations


You had 11 spell levels left.
You knew the following spells:

 Your Spells              Type           Power        Failure   Level  Hunger
a - Magic Dart            Conj           #...         17%         1    ##.....
b - Call Imp              Summ           #.......     36%         2    ###....


Dungeon Overview and Level Annotations

Branches:
Dungeon (14/15)            Temple (1/1) D:4            Lair (0/6) D:9
    Orc: D:9-12      Vaults: D:13-14

Altars:
Ashenzari
Cheibriados
Dithmenos
Elyvilon
Fedhas
Gozag
Hepliaklqana
Kikubaaqudgha
Makhleb
Nemelex Xobeh
Okawaru
Qazlal
Ru
Sif Muna
Trog
Uskayaw
Vehumet
Wu Jian
Xom
Yredelemnul
Zin
The Shining One

Shops:
D:7 *!=?

Annotations:
D:12 Fannar


Innate Abilities, Weirdness & Mutations

You revert to your normal form in water.
You are very nimble and swift while swimming.
You are very stealthy in the water. (Stealth+)
You are partially covered in large bone plates. (SH +4)
You are partially covered in slimy green scales. (AC +2)
You have a somewhat thin skeletal structure. (Dex +2, Stealth)
Your mind is acute. (Int +2)
Your flesh is cold resistant. (rC+)
Your flesh is heat resistant. (rF+)
Your magical capacity is low. (-10% MP)
You are somewhat resistant to further mutation.
Your system is resistant to poisons. (rPois)
You are covered in fur. (AC +1)


Message History

The seven-headed hydra bites you!
* * * LOW HITPOINT WARNING * * *
The seven-headed hydra barely misses you.
The seven-headed hydra bites you.
* * * LOW HITPOINT WARNING * * *
As you read the scroll of fear, it crumbles to dust.
You assume a fearsome visage.
The deep elf mage looks frightened!
The orc wizard looks frightened! x2
The seven-headed hydra resists with some effort.
The orc wizard gestures wildly while chanting.
The orc wizard flickers and vanishes for a moment.
The orc wizard casts a spell.
The orc wizard blinks!
The deep elf mage casts a spell.
The deep elf mage blinks!
The seven-headed hydra bites you!
* * * LOW HITPOINT WARNING * * *
The seven-headed hydra barely misses you.
The seven-headed hydra bites you!
You die...
Your body glows with a rainbow of weird colours and disappears.

#.##...................###
#.########.#.###..........
#.# #.#.# #.......#.# #.#
####.#.###.......#.# #.#
#..........>.......#
#.#####>###...##.........#
#.......# #...##.........#
#######.###ยงยง.............
#.(@Do#.##..........
#######)###......... #.#
##...##..# #.# ##.## ..#
#.####### .. #........ #
#########


You could see a seven-headed hydra and an orc wizard (fleeing).

Vanquished Creatures
  2 ugly things
  2 hornets (D:8)
  A hippogriff (D:13)
  2 shadows
  10 yaks
  A hungry ghost (D:13)
  2 vampire mosquitoes (D:13)
  2 steam dragons (D:7)
  2 soldier ants (D:8)
  2 orc warriors
  3 sky beasts
  An ice beast (D:8)
  2 phantoms
  A black bear (D:7)
  5 ogres
  2 centaurs
  A big kobold (D:9)
  4 bullfrogs
  A wyvern zombie (D:13)
  A water moccasin skeleton (D:9)
  4 howler monkeys
  2 crimson imps
  A quasit (D:6)
  2 hounds
  2 jellies
  A centaur skeleton (D:4)
  6 orc priests
  11 orc wizards
  3 bullfrog skeletons
  2 iguanas
  9 worker ants
  2 hound zombies
  A hound skeleton (D:9)
  8 gnolls
  10 adders
  3 shadow imps
  An ooze (D:5)
  3 adder skeletons
  4 worms
  2 dart slugs
  4 leopard geckos
  22 orcs
  5 ball pythons
  7 giant cockroaches
  8 hobgoblins
  14 jackals
  2 quokkas
  10 bats
  5 frilled lizards
  8 goblins
  11 kobolds
  A leopard gecko skeleton (D:4)
  A quokka zombie (D:5)
  9 rats
231 creatures vanquished.

Vanquished Creatures (collateral kills)
  A two-headed ogre (D:9)
  Joseph (D:8)
  3 yaks (D:12)
  A phantom (D:5)
  A centaur (D:12)
  A leopard gecko (D:5)
8 creatures vanquished.

Vanquished Creatures (others)
  A crimson imp (D:7)
1 creature vanquished.

Grand Total: 240 creatures vanquished

Notes
Turn   | Place    | Note
-------+----------+-------------------------------------------
     0 | D:1      | Musica the Merfolk Gladiator began the quest for the Orb.
     0 | D:1      | Reached XP level 1. HP: 16/16 MP: 1/1
   473 | D:1      | Reached XP level 2. HP: 22/22 MP: 2/2
   715 | D:1      | Reached skill level 5 in Polearms
   961 | D:2      | Reached XP level 3. HP: 17/28 MP: 3/3
  1529 | D:2      | Reached XP level 4. HP: 28/35 MP: 4/4
  2023 | D:2      | Reached skill level 6 in Polearms
  2172 | D:3      | Found a sparkling altar of Nemelex Xobeh.
  2176 | D:3      | Became a worshipper of Nemelex Xobeh the Trickster
  2316 | D:3      | Reached XP level 5. HP: 41/41 MP: 5/5
  2321 | D:3      | Learned a level 1 spell: Magic Dart
  2632 | D:3      | Received a gift from Nemelex Xobeh
  2656 | D:3      | Reached skill level 7 in Polearms
  2934 | D:3      | Found a faded altar of an unknown god.
  3043 | D:5      | Entered Level 5 of the Dungeon
  3045 | D:4      | Found a shadowy altar of Dithmenos.
  3123 | D:4      | Reached XP level 6. HP: 19/48 MP: 2/6
  3348 | D:4      | You fall through a shaft!
  3431 | D:4      | Reached skill level 8 in Polearms
  3597 | D:4      | Found a staircase to the Ecumenical Temple.
  3622 | Temple   | Entered the Ecumenical Temple
  3677 | Temple   | Reached * piety under Nemelex Xobeh
  3677 | Temple   | Received a gift from Nemelex Xobeh
  3936 | D:5      | Noticed a phantom
  3949 | D:5      | Killed a phantom
  3949 | D:5      | Reached skill level 1 in Spellcasting
  3991 | D:5      | Reached XP level 7. HP: 21/55 MP: 8/8
  4366 | D:5      | Reached skill level 9 in Polearms
  4391 | D:7      | Found Doust's Magic Scroll Shoppe.
  4704 | D:6      | Reached skill level 1 in Invocations
  4752 | D:6      | Reached skill level 5 in Fighting
  4767 | D:6      | Reached skill level 10 in Polearms
  4782 | D:6      | Reached XP level 8. HP: 42/62 MP: 9/9
  4965 | D:6      | Found a stormy altar of Qazlal.
  5011 | D:6      | Reached ** piety under Nemelex Xobeh
  5131 | D:6      | Reached skill level 11 in Polearms
  5504 | D:8      | Noticed Joseph
  5527 | D:7      | Found Xeuti's Assorted Antiques.
  5549 | D:7      | Reached skill level 12 in Polearms
  5549 | D:7      | Reached XP level 9. HP: 18/69 MP: 11/11
  5753 | D:7      | Received a gift from Nemelex Xobeh
  5762 | D:7      | You fall through a shaft!
  6016 | D:8      | Gained mutation: You are surrounded by a mild repulsion field. (EV +2) [potion of mutation]
  6016 | D:8      | Gained mutation: You are clumsy. (Dex -2) [potion of mutation]
  6016 | D:8      | Gained mutation: You are frail. (-10% HP) [potion of mutation]
  6016 | D:8      | Gained mutation: You are resistant to electric shocks. (rElec) [potion of mutation]
  6017 | D:8      | Lost mutation: You are clumsy. (Dex -2) [potion of mutation]
  6017 | D:8      | Lost mutation: You are frail. (-10% HP) [potion of mutation]
  6017 | D:8      | Gained mutation: Scrolls take you a little longer to read. [potion of mutation]
  6017 | D:8      | Gained mutation: Your mind is acute. (Int +2) [potion of mutation]
  6017 | D:8      | Gained mutation: You are partially covered in slimy green scales. (AC +2) [potion of mutation]
  6018 | D:8      | Lost mutation: You are surrounded by a mild repulsion field. (EV +2) [potion of mutation]
  6018 | D:8      | Lost mutation: Your mind is acute. (Int +2) [potion of mutation]
  6018 | D:8      | Lost mutation: You are resistant to electric shocks. (rElec) [potion of mutation]
  6018 | D:8      | Lost mutation: Scrolls take you a little longer to read. [potion of mutation]
  6018 | D:8      | Gained mutation: Your magical capacity is low. (-10% MP) [potion of mutation]
  6018 | D:8      | Gained mutation: You are partially covered in large bone plates. (SH +4) [potion of mutation]
  6018 | D:8      | Gained mutation: Your system is resistant to poisons. (rPois) [potion of mutation]
  6018 | D:8      | Gained mutation: You are covered in fur. (AC +1) [potion of mutation]
  6105 | D:7      | Bought a dyed leather armour for 90 gold pieces
  6173 | D:7      | Noticed a cyan ugly thing
  6668 | D:7      | Found Kohack's Jewellery Shoppe.
  6729 | D:7      | Found a hazy altar of Hepliaklqana.
  6796 | D:7      | Found Dikh's Distillery.
  6854 | D:7      | Killed a cyan ugly thing
  6854 | D:7      | Reached skill level 13 in Polearms
  6854 | D:7      | Reached skill level 1 in Conjurations
  6858 | D:7      | Gained mutation: You expend magic power (3 MP) to strengthen your wands. [mutagenic meat]
  6860 | D:7      | Gained mutation: Your mind is acute. (Int +2) [mutagenic meat]
  7091 | D:8      | Noticed a hornet
  7108 | D:8      | Killed a hornet
  7170 | D:7      | Reached skill level 5 in Throwing
  7224 | D:8      | Received a gift from Nemelex Xobeh
  7483 | D:8      | Reached *** piety under Nemelex Xobeh
  7742 | D:8      | Learned a level 2 spell: Call Imp
  7792 | D:8      | Reached XP level 10. HP: 62/79 MP: 12/12
  7809 | D:8      | Reached skill level 5 in Invocations
  7812 | D:8      | Reached skill level 14 in Polearms
  7922 | D:8      | Killed Joseph
  8158 | D:8      | Lost mutation: You expend magic power (3 MP) to strengthen your wands. [mutagenic meat]
  8159 | D:8      | Gained mutation: You have a somewhat thin skeletal structure. (Dex +2, Stealth) [mutagenic meat]
  8160 | D:8      | Gained mutation: You are somewhat resistant to further mutation. [mutagenic meat]
  8161 | D:8      | Gained mutation: Your flesh is heat resistant. (rF+) [mutagenic meat]
  8162 | D:8      | Gained mutation: Your flesh is cold resistant. (rC+) [mutagenic meat]
  8381 | D:9      | Received a gift from Nemelex Xobeh
  8419 | D:10     | Entered Level 10 of the Dungeon
  8504 | D:9      | Noticed a two-headed ogre
  8525 | D:9      | Killed a two-headed ogre
  8690 | D:9      | You fall through a shaft for 3 floors!
  8725 | D:12     | Reached skill level 15 in Polearms
  8818 | D:12     | Noticed Fannar
  8840 | D:12     | You fall through a shaft!
  9239 | D:13     | Reached skill level 1 in Evocations
  9311 | D:13     | Noticed a cyan ugly thing
  9332 | D:13     | Killed a cyan ugly thing
  9332 | D:13     | Reached XP level 11. HP: 52/89 MP: 13/13
 10187 | D:13     | Noticed a deep elf mage
 10187 | D:13     | Noticed a seven-headed hydra
 10195 | D:13     | Slain by a seven-headed hydra

Vault maps used:
D:1:      zelgadis_glass_arrival_small
D:2:      first_bread
D:3:      chequers_ecumenical_altar_grove, nemelex_diamond_rough_becter
D:4:      minmay_temple_entry_statues, nicolae_dithmenos_the_darkroom
D:5:      st_stairs_4, grunt_decor_mini_mirrors
D:6:      nicolae_qazlal_general_emergency
D:7:      cheibrodos_steamvent, serial_shops, nicolae_shop_crystal, shop,
          nicolae_shop_crystal, shop, basic_altar
D:8:      hangedman_pestilent_swarm, grunt_ministairs_10, uniq_joseph
D:9:      lair_entry_dummy
D:12:     serial_shops, kennysheep_mini_moat, uniq_fannar
D:14:     david_vaults_1, palyth_stone_intersect, st_stairs_13, uniq_azrael
Temple:   compressed_dpeg_triangle_lava_temple

Skill      XL: |  1  2  3  4  5  6  7  8  9 10 |
---------------+-------------------------------+-----
Polearms       | 5 6 7 8 10 12 13 15 | 15.8
Fighting       | 3 4 5 6 7 9 |  9.9
Spellcasting   | 1 2 |  2.1
Throwing       | 3 4 5 6 |  6.3
Invocations    | 1 3 4 5 |  5.7
Conjurations   | 1 |  1.3
Evocations     | 1 |  1.7
Short Blades   | |  0.5
Dodging        | |  4.9
Summonings     | |  0.4

Action                   |  1- 3 |  4- 6 |  7- 9 | 10-12 || total
-------------------------+-------+-------+-------+-------++-------
Melee: Trident           |   110 |   176 |   377 |   246 ||   909
       Short sword       |       |     5 |       |       ||     5
       Dagger            |       |       |       |     1 ||     1
 Fire: Blowgun           |       |    10 |    32 |    16 ||    58
Throw: Throwing net      |       |       |     9 |     3 ||    12
 Cast: Magic Dart        |       |     7 |     3 |     1 ||    11
       Call Imp          |       |       |     1 |       ||     1
Evoke: Deck              |       |     8 |     7 |    12 ||    27
       Wand              |       |       |     2 |     7 ||     9
  Use: Scroll            |     5 |     3 |     8 |     9 ||    25
       Potion            |       |     1 |    12 |     3 ||    16
 Stab: Sleeping          |     2 |     6 |     2 |     4 ||    14
       Held in net/web   |       |       |     7 |     3 ||    10
       Distracted        |       |       |     1 |     1 ||     2
  Eat: Chunk             |     2 |     7 |    12 |    11 ||    32
       Fruit             |       |     1 |       |     3 ||     4
       Royal jelly       |       |       |     2 |     1 ||     3
       Bread ration      |       |       |       |     1 ||     1
Armor: Leather armour    |    15 |    30 |    55 |       ||   100
       Steam dragon scal |       |       |    20 |    30 ||    50
Dodge: Dodged            |    62 |    99 |   181 |    88 ||   430
Block: Other             |       |       |    11 |    20 ||    31
